Map: Catalyst LE

Players

SamuraiFunn

  • Race: Protoss Protoss
  • League: Platinum
  • Spawn Location: 5:00

ShankS - Winner!

  • Race: Zerg Zerg
  • League: Gold
  • Spawn Location: 11:00

VOD

Have the link to the VOD?

Description

Time

  • Played on: Nov. 25, 2017, 3 p.m.
  • Length: 3:52
Show
View Real Time Build Order
Export as new Build Order

SamuraiFunn Protoss 

Build Orders: 1 Gate Expand 

Get SALT Encoding   

  12  0:04  Probe  
  13  0:16  Probe  
  13  0:20  Pylon  
  14  0:28  Probe  
  15  0:40  Probe (Chrono Boost)  
  15  0:41  Gateway  
  17  0:52  Probe (Chrono Boost)  
  17  0:54  Probe  
  18  0:58  Assimilator  
  18  1:06  Probe  
  19  1:18  Probe  
  20  1:27  Nexus  
  20  1:32  Probe  
  21  1:41  Assimilator  
  21  1:45  Probe  
  22  1:54  Pylon  
  22  2:02  Cybernetics Core  
  22  2:08  Zealot (Chrono Boost)  
  23  2:23  Probe  
  24  2:30  Zealot  
  26  2:39  Gateway  
  26  2:44  Probe x2  
  28  3:00  Adept  
  30  3:08  Probe (Chrono Boost)  
  32  3:15  Probe (Chrono Boost), Gateway  
  33  3:20  Probe (Chrono Boost)  
  33  3:24  Probe (Chrono Boost)  
  34  3:27  Stargate  
Show
View Real Time Build Order
Export as new Build Order

ShankS Zerg - Winner!

Build Orders: Pool First 

Get SALT Encoding   

  12  0:19  Spawning Pool  
  11  0:22  Drone  
  12  0:33  Drone x2  
  14  0:36  Extractor  
  14  0:41  Drone  
  14  0:49  Overlord  
  14  1:08  Drone x2  
  16  1:23  Drone  
  17  1:35  Hatchery  
  16  1:43  Zergling x4  
  18  1:48  Metabolic Boost  
  18  1:53  Zergling x2  
  19  2:09  Zergling x2  
  19  2:15  Zergling x2  
  21  2:21  Overlord  
  21  2:39  Zergling x2, Queen  
  24  2:45  Zergling x2  
  24  2:51  Drone  
  26  2:55  Zergling x2  
  27  2:59  Drone  
  28  3:12  Zergling x4  
  30  3:22  Drone  
  30  3:23  Drone, Roach Warren  
Tags
 
Add a new tag
Caveats
  • Supply blocks, unpowered buildings, or Contaminate may cause inaccurate times.
  • Supply counts are checked every 10 seconds.